cohdb
Replays
Latest Replays
All Replays
Popular Replays
Top Player Replays
Match Explorer
How It Works
Community
CoH3 Stats
Reddit
Sign in to upload your games and track your stats! →
Sign in with Steam
Match 45281267
Unlisted
Match 45281267
Overview
Messages
Build Orders
End
Construct Barracks
Selects Airborne Battlegroup
Selects Pathfinders
Riflemen Squad
Riflemen Squad
1⁄4-ton 4x4 Truck
M1 Mortar Team
Riflemen Squad
Mechanized Support Center
Selects Paratrooper Squad Paradrop
Construct Motor Pool
M8 Greyhound Armored Car
Construct Medical Station
Grenade Package
M24 Chaffee Light Tank
M16 Multiple Gun Motor Carriage
Engineer Squad
M8 Greyhound Armored Car
Dark Lord Cthulhu
Şãé ๏̯͡๏
0
0
Comments
sign in to comment!
No comments posted yet!